 Dungeon Crawl Stone Soup version 0.22.1-2-g9c5b331 (webtiles) character file.

689 delarado the Firebug (level 7, 0/32 HPs)
             Began as a Deep Elf Fire Elementalist on Dec 31, 2018.
             Slain by an ogre
             ... wielding a +0 giant club
              (32 damage)
             ... on level 5 of the Dungeon on Jan 3, 2019.
             The game lasted 00:26:36 (5047 turns).

delarado the Firebug (Deep Elf Fire Elementalist)   Turns: 5047, Time: 00:26:37

Health: 0/32       AC:  3    Str:  5    XL:     7   Next: 36%
Magic:  7/13       EV: 13    Int: 22    God:
Gold:   167        SH:  0    Dex: 15    Spells: 4/12 levels left

rFire    x . .     SeeInvis .   o - +1 dagger (elec)
rCold    + . .     Gourm    .   (no shield)
rNeg     . . .     Faith    .   a - +1 robe
rPois    .         Spirit   .   (no helmet)
rElec    .         Reflect  .   (no cloak)
rCorr    .         Harm     .   (no gloves)
MR       .....                  (no boots)
Stlth    ++........             l - amulet of regeneration
HPRegen  0.50/turn              q - ring of ice
MPRegen  0.13/turn              (no ring)

@: no status effects
A: claws 1, blink, frail 1
a: Blink


You were on level 5 of the Dungeon.
You were not hungry.

You visited 1 branch of the dungeon, and saw 5 of its levels.
You also visited: Sewer.

You collected 167 gold pieces.

Inventory:

Hand Weapons
 b - a +0 dagger
 o - a +1 dagger of electrocution (weapon)
Missiles
 d - 56 stones (quivered)
 e - a throwing net
Armour
 a - a +1 robe (worn)
Jewellery
 l - an amulet of regeneration (around neck)
 q - a ring of ice (left claw)
 r - an uncursed amulet of guardian spirit
Scrolls
 f - a scroll of remove curse
 g - 2 scrolls of enchant armour
 h - 2 scrolls of magic mapping
 k - 5 scrolls of teleportation
Potions
 j - a potion of heal wounds
 m - 2 potions of mutation
 n - a potion of invisibility
 p - a potion of curing {unknown}
Comestibles
 c - 6 rations


   Skills:
 - Level 2.4 Dodging
 - Level 2.4 Stealth
 - Level 3.0 Spellcasting
 + Level 6.2 Conjurations
 + Level 7.1 Fire Magic


You had 4 spell levels left.
You knew the following spells:

 Your Spells              Type           Power        Failure   Level  Hunger
a - Flame Tongue          Conj/Fire      ####.        1%          1    None
b - Conjure Flame         Conj/Fire      ####....     2%          3    ###....
c - Sticky Flame          Conj/Fire      ####....     8%          4    ####...

Your spell library contained the following spells:

 Spells                   Type           Power        Failure   Level  Hunger
 Throw Flame              Conj/Fire      ####..       1%          2    ##.....
 Inner Flame              Hex/Fire       ###.....     9%          3    ###....
 Beastly Appendage        Tmut           #.....       12%         1    None
 Sticks to Snakes         Tmut           #.......     19%         2    ##.....
 Spider Form              Tmut/Pois      #.........   36%         3    ###....
 Ice Form                 Ice/Tmut       #.......     77%         4    ####...
 Fireball                 Conj/Fire      ####......   22%         5    ######.
 Blade Hands              Tmut           #.........   98%         5    ######.


Dungeon Overview and Level Annotations

Branches:
Dungeon (5/15)
 Temple: D:4-7

Altars:
Makhleb


Innate Abilities, Weirdness & Mutations

You have sharp fingernails.
You can translocate small distances at will.
You are frail. (-10% HP)


Message History

Aim: an ogre, wielding a giant club The flame tongue hits the ogre.
The ogre is heavily wounded.
Casting: Flame Tongue (safe; 1% risk of failure)
Confirm with . or Enter, or press ? or * to list all spells.
Aiming: Flame Tongue (safe; 1% risk of failure)
Press: ? - help, Shift-Dir - straight line, f/p - ogre
Aim: an ogre, wielding a giant club (heavily wounded)
The flame tongue misses the ogre.
Casting: Flame Tongue (safe; 1% risk of failure)
Confirm with . or Enter, or press ? or * to list all spells.
Aiming: Sticky Flame (safe; 8% risk of failure)
Press: ? - help, Shift-Dir - straight line, f/p - ogre
Aim: an ogre, wielding a giant club (heavily wounded)
The sticky flame hits the ogre.
The ogre is severely wounded.
The ogre is covered in liquid flames!
The ogre burns!
The ogre hits you with a giant club!!
Ouch! That really hurt!
You die...

#............#.....#....#
######...........##...##....'...
....##...........##...##....####
............................#
..#.#...>.............##....#
......................##+####
..#.#............##...#
.................##...##
....##.........O@.......
.........................
.......>..#.#...........#
.........................#
..####.##.#.#....##.####.# .
#.##.....#####'####.#### #
..#........(...........## ##
...... ..............###.
....(..........#..


You could see an ogre (burning).

Vanquished Creatures
  Purgy (Sewer)
  An ogre (D:5)
  A black bear (D:3)
  2 hounds
  A jelly (D:5)
  Jessica (D:2)
  Terence (D:3)
  4 orc wizards
  A hound zombie (D:5)
  2 gnolls
  2 adders (D:2)
  A shadow imp (D:5)
  2 oozes (D:3)
  2 adder skeletons (D:5)
  4 worms
  A leopard gecko (D:2)
  15 orcs
  A giant cockroach (D:4)
  6 goblins
  9 hobgoblins
  2 quokkas
  4 ball pythons
  4 bats
  8 frilled lizards
  A jackal skeleton (D:5)
  13 kobolds
  8 rats
98 creatures vanquished.

Notes
Turn   | Place    | Note
-------+----------+-------------------------------------------
     0 | D:1      | delarado the Deep Elf Fire Elementalist began the quest for
                  | the Orb.
     0 | D:1      | Reached XP level 1. HP: 10/10 MP: 6/6
   363 | D:1      | Reached XP level 2. HP: 15/15 MP: 4/8
   780 | D:1      | Reached skill level 4 in Fire Magic
   884 | D:1      | Reached XP level 3. HP: 19/19 MP: 4/9
  1047 | D:1      | Learned a level 3 spell: Conjure Flame
  1163 | D:2      | Noticed Jessica
  1169 | D:2      | Killed Jessica
  1435 | D:2      | Reached XP level 4. HP: 24/24 MP: 3/10
  1465 | D:2      | Found a burning altar of Makhleb.
  2143 | D:3      | Noticed Terence
  2147 | D:3      | Reached skill level 5 in Fire Magic
  2155 | D:3      | Killed Terence
  2155 | D:3      | Reached XP level 5. HP: 23/28 MP: 1/11
  2523 | D:3      | Noticed a black bear
  2541 | D:3      | Killed a black bear
  2897 | D:3      | Reached XP level 6. HP: 23/32 MP: 1/12
  3033 | D:3      | Learned a level 4 spell: Sticky Flame
  3580 | D:4      | Reached skill level 5 in Conjurations
  3610 | D:4      | Found a glowing drain.
  3621 | Sewer    | Entered a sewer
  3697 | Sewer    | Noticed Purgy
  3703 | Sewer    | Killed Purgy
  3703 | Sewer    | Reached skill level 6 in Fire Magic
  3853 | Sewer    | Gained mutation: You have sharp fingernails. [potion of
                  | mutation]
  3853 | Sewer    | Gained mutation: You are frail. (-10% HP) [potion of
                  | mutation]
  3853 | Sewer    | Gained mutation: You can translocate small distances at
                  | will. [potion of mutation]
  4358 | D:5      | Entered Level 5 of the Dungeon
  4479 | D:5      | Reached XP level 7. HP: 32/32 MP: 4/13
  4781 | D:5      | Reached skill level 7 in Fire Magic
  5047 | D:5      | Slain by an ogre

Skill      XL: |  1  2  3  4  5  6  7 |
---------------+----------------------+-----
Conjurations   | 2 3 4 6 |  6.2
Fire Magic     | 4 5 6 7 |  7.1
Dodging        | |  2.4
Stealth        | |  2.4
Spellcasting   | |  3.0

Action                   |  1- 3 |  4- 6 |  7- 9 || total
-------------------------+-------+-------+-------++-------
Melee: Dagger            |       |     3 |       ||     3
Throw: Stone             |    56 |    57 |    10 ||   123
 Cast: Flame Tongue      |    59 |   122 |    33 ||   214
       Conjure Flame     |       |     4 |     4 ||     8
       Sticky Flame      |       |     2 |     2 ||     4
  Use: Scroll            |     7 |     4 |       ||    11
       Potion            |       |     2 |       ||     2
  Eat: Chunk             |     1 |    11 |     2 ||    14
Armor: Robe              |     2 |     6 |       ||     8
Dodge: Dodged            |    12 |    30 |     1 ||    43
